 Dungeon Crawl Stone Soup version 0.25.1-9-gc5326a611f (webtiles) character file.

Game seed: 7107431955778057804

306 Destapler the Skirmisher (level 6, -8/53 HPs)
             Began as a Minotaur Abyssal Knight on Jan 3, 2021.
             Was a Believer of Lugonu.
             Killed by Freeze
             ... invoked by Mattiprrivan's ghost
              (17 damage)
             ... on level 4 of the Dungeon.
             The game lasted 00:06:45 (4782 turns).

Destapler the Skirmisher (Minotaur Abyssal Knight)  Turns: 4782, Time: 00:06:46

Health: -8/53      AC:  3    Str: 17    XL:     6   Next: 16%
Magic:  7/7        EV: 12    Int:  9    God:    Lugonu [**....]
Gold:   166        SH:  0    Dex: 11    Spells: 5/5 levels left

rFire    . . .     SeeInvis .   a - +1 hand axe
rCold    . . .     Gourm    .   (no shield)
rNeg     . . .     Faith    .   b - +0 leather armour
rPois    .         Spirit   .   (helmet restricted)
rElec    .         Reflect  .   (no cloak)
rCorr    .         Harm     .   (no gloves)
MR       .....                  (no boots)
Stlth    +.........             (no amulet)
HPRegen  0.17/turn              (no ring)
MPRegen  0.10/turn              (no ring)

@: mighty, brilliant, very slightly contaminated, hasted, invisible, very quick
A: retaliatory headbutt, horns 2
a: Depart the Abyss, Bend Space, Renounce Religion


You were on level 4 of the Dungeon.
You worshipped Lugonu.
Lugonu was pleased with you.
You were hungry.

You visited 1 branch of the dungeon, and saw 4 of its levels.
You visited the Abyss 1 time.

You collected 166 gold pieces.

Inventory:

Hand Weapons
 a - a +1 hand axe (weapon)
Missiles
 o - 3 boomerangs (quivered)
Armour
 b - a +0 leather armour (worn)
Jewellery
 n - an uncursed ring of stealth
Scrolls
 d - 3 scrolls of fog {unknown}
 f - a scroll of remove curse {unknown}
 h - 8 scrolls of identify {unknown}
 k - a scroll of random uselessness {unknown}
 m - 2 scrolls of amnesia {unknown}
Potions
 l - 3 potions of brilliance
Comestibles
 c - 6 rations


   Skills:
 + Level 4.7 Fighting
 + Level 3.8 Axes
 + Level 2.1 Throwing
 + Level 3.9 Armour
 + Level 3.0 Dodging
 + Level 3.0 Invocations


You had 5 spell levels left.
You didn't know any spells.
Your spell library was empty.

Dungeon Overview and Level Annotations

Branches:
Dungeon (4/15)
 Temple: D:4-7

Altars:
Dithmenos
Fedhas
Gozag
Kikubaaqudgha
Ru
Sif Muna
Uskayaw
Wu Jian
Xom
Zin
Beogh

Annotations:
D:3 exclusion: door
D:4 Mattiprrivan's ghost, novice DDIE


Innate Abilities, Weirdness & Mutations

You reflexively headbutt those who attack you in melee.
You have a pair of horns on your head.


Message History

You fade into invisibility!
Mattiprrivan's ghost misses you.
You are very lightly contaminated with residual magic.
You catch the helpless Mattiprrivan's ghost completely off-guard!
You slash Mattiprrivan's ghost!
Mattiprrivan's ghost is almost destroyed.
Mattiprrivan's ghost hits you!
* * * LOW HITPOINT WARNING * * *
You miss Mattiprrivan's ghost.
Your headbutt misses Mattiprrivan's ghost.
Mattiprrivan's ghost is almost destroyed.
You hit Mattiprrivan's ghost.
Mattiprrivan's ghost is almost destroyed.
Mattiprrivan's ghost keens inconsolably.
Mattiprrivan's ghost closely misses you.
You furiously retaliate!
You headbutt Mattiprrivan's ghost! You miss Mattiprrivan's ghost.
Mattiprrivan's ghost is almost destroyed.
Mattiprrivan's ghost points at you and mumbles some strange words.
You die...

####..##.....#.#
#.#
....##.....#.#
#.#
...........#.#
#.#
....###.....#.#
#.# ##.#.
#######8###.# 8
....#.....#
..##..#..#..#
..8#..#.....#
#.o#@#.#.#
....#.#W#.#.#
....#ooo#.#.#
_.8.#.'...#.#
[...#.'...#<#
....#.#.###.#
..##..#.# #.#
..8#..#.. ..#
.##..#.# ###


You could see Mattiprrivan's ghost and 4 orcs.

Vanquished Creatures
  A phantom (D:4)
  An orc priest (D:4)
  An orc wizard (D:4)
  Jessica (D:2)
  A gnoll (D:1)
  3 adders
  An ooze (D:3)
  3 worms
  3 dart slugs
  A leopard gecko (D:2)
  15 orcs
  5 bats
  8 goblins
  10 hobgoblins
  A ball python (D:1)
  2 frilled lizards
  6 kobolds
  6 rats
69 creatures vanquished.

Notes
Turn   | Place    | Note
-------+----------+-------------------------------------------
     0 | Abyss:1  | Destapler the Minotaur Abyssal Knight began the quest for
                  | the Orb.
     0 | Abyss:1  | Reached XP level 1. HP: 19/19 MP: 1/1
    27 | Abyss:1  | Noticed a large abomination
    55 | Abyss:1  | Noticed a smoke demon
    56 | D:1      | Escaped the Abyss
   322 | D:1      | Reached XP level 2. HP: 23/27 MP: 2/2
   327 | D:1      | Reached * piety under Lugonu
   488 | D:1      | HP: 1/27 [gnoll/+0 club (10)]
  1043 | D:1      | Reached XP level 3. HP: 32/33 MP: 3/3
  1452 | D:2      | Found an ancient bone altar of Kikubaaqudgha.
  1469 | D:2      | Found a blossoming altar of Fedhas.
  1552 | D:2      | Found a shadowy altar of Dithmenos.
  1576 | D:2      | Noticed Jessica
  1579 | D:2      | Killed Jessica
  1579 | D:2      | Reached skill level 4 in Fighting
  1579 | D:2      | Reached skill level 1 in Throwing
  1633 | D:2      | Reached XP level 4. HP: 40/40 MP: 4/4
  2371 | D:3      | Reached ** piety under Lugonu
  2529 | D:3      | Found a glowing silver altar of Zin.
  2530 | D:3      | Found an opulent altar of Gozag.
  3326 | D:2      | Found a sacrificial altar of Ru.
  3326 | D:2      | Found a shimmering altar of Xom.
  3332 | D:3      | Found a shimmering blue altar of Sif Muna.
  3708 | D:3      | Reached XP level 5. HP: 29/47 MP: 5/5
  4161 | D:3      | Found an ornate altar of the Wu Jian Council.
  4163 | D:3      | Found a hide-covered altar of Uskayaw.
  4569 | D:4      | Noticed a phantom
  4572 | D:4      | Noticed Mattiprrivan's ghost (novice DDIE)
  4595 | D:4      | Killed a phantom
  4595 | D:4      | Reached XP level 6. HP: 25/53 MP: 7/7
  4636 | D:4      | Identified the +1 leather armour "Ojim" {rElec rF+ Int-2
                  | Dex+2}
  4752 | D:4      | Found a runed translucent gate.
  4752 | D:4      | Found a runed translucent gate.
  4753 | D:4      | Found a runed translucent gate.
  4754 | D:4      | Found a roughly hewn altar of Beogh.
  4782 | D:4      | Killed from afar by Mattiprrivan's ghost

Illustrated notes

Levels and vault maps discovered:
D:1:      nagdon_arrival_zigzag_paths, layout_basic, minmay_unequal
D:2:      layout_loops_ring, nicolae_overflow_hidden_temple, uniq_jessica
D:3:      layout_basic, grunt_temple_overflow_gold_and_silver, led_sif_book,
          chequers_temple_overflow_statue_of_worship, first_ration,
          minmay_misc_feat_doors, hangedman_decor_riveting
D:4:      layout_loops_ring, biasface_ghost_orc_armoury

Skill      XL: |  1  2  3  4  5  6 |
---------------+-------------------+-----
Invocations    | 2 3 |  3.0
Armour         | 3 |  3.9
Fighting       | 4 |  4.7
Axes           | 3 |  3.8
Throwing       | 1 2 |  2.1
Dodging        | 2 3 |  3.0

Action                   |  1- 3 |  4- 6 || total
-------------------------+-------+-------++-------
Melee: Hand axe          |    56 |   126 ||   182
       Headbutt          |     5 |    14 ||    19
Invok: Depart the Abyss  |     1 |       ||     1
  Use: Potion            |       |     6 ||     6
 Stab: Invisible         |       |     1 ||     1
  Eat: Chunk             |     2 |     6 ||     8
       Ration            |       |     1 ||     1
Armor: Leather armour    |     5 |    14 ||    19
Dodge: Dodged            |    41 |    81 ||   122
